 Dungeon Crawl Stone Soup version 0.28-a0-503-g83f2989fac (webtiles) character file.

Game seed: 13479152044767636019

9445 siradein the Fighter (level 11, -7/172 HPs)
             Began as a Troll Fighter on Sept 20, 2021.
             Was an Initiate of Gozag.
             Mangled by a hornet (10 damage)
             ... on level 10 of the Dungeon.
             The game lasted 00:11:58 (6970 turns).

siradein the Fighter (Troll Fighter)                Turns: 6970, Time: 00:12:01

Health: -7/172     AC: 29    Str: 27    XL:     11   Next: 23%
Magic:  10/10      EV:  1    Int:  4    God:    Gozag
Gold:   1229       SH:  0    Dex: 16    Spells: 10/10 levels left

rFire   . . .      SeeInvis .   H - +9 battleaxe of Faqacirgho {vorpal, *Corrode rElec rC+ Dex+3}
rCold   + . .      Faith    .   (shield currently unavailable)
rNeg    + + +      Spirit   .   (armour currently unavailable)
rPois   +          Reflect  .   (helmet currently unavailable)
rElec   +          Harm     .   (cloak currently unavailable)
rCorr   +          Rampage  .   (gloves unavailable)
Will    .....      Rage     3%  (boots unavailable) Stlth ++........NoTele +
                                (no amulet)
HPRegen 1.38/turn               n - +4 ring of protection
MPRegen 0.12/turn               A - ring of resist corrosion

@: lethally poisoned (-7 -> -7), tree-form, gold aura, slowed, very slow
A: stationary, stasis, torment immunity, boosted hp, large, unfitting armour,
(claws 3), regeneration 1, (shaggy fur 1), (tough skin 1), thin skeletal
structure 1, berserk 2, devolution 1
a: Renounce Religion, Potion Petition, Call Merchant, Bribe Branch


You were on level 10 of the Dungeon.
You worshipped Gozag.
Gozag was most pleased with you.
You were a tree.
You visited 2 branches of the dungeon, and saw 11 of its levels.

You collected 1322 gold pieces.
You paid 93 gold pieces to Gozag.

Inventory:

Hand Weapons
 H - the +9 battleaxe of Faqacirgho (weapon) {vorpal, *Corrode rElec rC+ Dex+3}
   (You found it on level 9 of the Dungeon)

   It inflicts extra damage upon your enemies.
   Dex:       It affects your dexterity (+3).
   rC:        It protects you from cold.
   rElec:     It insulates you from electricity.
   *Corrode:  It may corrode you when you take damage.
Missiles
 o - 41 poisoned darts (quivered)
 r - 5 throwing nets
Armour
 b - a +0 robe (melded)
 v - a +0 cloak (melded)
Jewellery
 c - a ring of protection from fire
 n - a +4 ring of protection (left branch)
 q - a +4 ring of protection
 t - a ring of willpower
 A - a ring of resist corrosion (right branch)
Wands
 s - a wand of flame (18)
 z - a wand of acid (10)
 D - a wand of charming (6)
 G - a wand of digging (5)
Scrolls
 a - 4 scrolls of noise {unknown}
 f - 2 scrolls of teleportation {unknown}
 i - a scroll of amnesia {unknown}
 j - 4 scrolls of identify {unknown}
 k - a scroll of enchant weapon {unknown}
 l - a scroll of blinking {unknown}
 m - a scroll of immolation {unknown}
 p - a scroll of magic mapping {unknown}
 u - a scroll of brand weapon {unknown}
 x - a scroll of summoning {unknown}
 y - a scroll of vulnerability {unknown}
 B - a scroll of enchant armour {unknown}
 E - a scroll of holy word {unknown}
Potions
 d - 3 potions of might
 e - a potion of mutation
 g - a potion of attraction {unknown}
 h - 2 potions of lignification
 w - a potion of flight {unknown}
 C - 2 potions of heal wounds {unknown}
 F - 2 potions of curing {unknown}
 I - a potion of ambrosia {unknown}


   Skills:
 + Level 9.0 Fighting
 + Level 8.5(8.6) Axes
 - Level 2.1(6.2) Maces & Flails
 + Level 8.9 Dodging
 - Level 2.6 Shields


You had 10 spell levels left.
You didn't know any spells.
Your spell library contained the following spells:

 Spells                   Type           Power      Damage    Failure   Level
 Magic Dart               Conj           0%         1d3       50%         1
 Pain                     Necr           0%         1d4       50%         1
 Call Imp                 Summ           0%         N/A       65%         2
 Mephitic Cloud           Conj/Pois/Air  0%         N/A       86%         3
 Stone Arrow              Conj/Erth      0%         3d7       86%         3
 Animate Armour           Summ/Erth      0%         N/A       99%         4
 Agony                    Necr           0%         N/A       100%        5
 Excruciating Wounds      Necr           0%         N/A       100%        5
 Lehudib's Crystal Spear  Conj/Erth      0%         10d2      100%        8


Dungeon Overview and Level Annotations

Branches:
Dungeon (10/15)            Temple (1/1) D:7             Orc (0/2) D:10
   Lair: D:8-11

Altars:
Ashenzari
Cheibriados
Dithmenos
Elyvilon
Fedhas
Gozag
Kikubaaqudgha
Makhleb
Nemelex Xobeh
Okawaru
Qazlal
Ru
Sif Muna
Trog
Uskayaw
Vehumet
Wu Jian
Xom
Yredelemnul
Zin
The Shining One

Shops:
D:2 (   D:5 *(

Annotations:
D:7 1 runed translucent door, pokeman's ghost, novice DEWz


Innate Abilities, Weirdness & Mutations

You are a tree.
Your roots penetrate the ground, keeping you stationary.
You cannot be teleported.
You are immune to unholy pain and torment.
Your maximum health is greatly increased.
Your equipment is partially melded.
You are too large for most types of armour.
((You have claws for hands.))
Your natural rate of healing is unusually fast.
((You are covered in fur. (AC +1)))
((You have tough skin. (AC +1)))
You have a somewhat thin skeletal structure. (Dex +2, Stealth+)
You often lose your temper in combat.
You have hidden genetic defects.


Message History

The two-headed ogre hits you with a +0 giant spiked club.
The two-headed ogre hits you with a +0 giant club!
* * * LOW HITPOINT WARNING * * *
You are too injured to fight recklessly!
You are too injured to fight recklessly!
You slash the howler monkey!
You kill the howler monkey!
You hit the hornet. You hit the two-headed ogre.
You feel sick. The hornet barely misses you.
The hornet stings you but does no damage.
The two-headed ogre closely misses you.
The two-headed ogre hits you with a +0 giant club!!
* * * LOW HITPOINT WARNING * * *
The hornet closely misses you.
You feel yourself speed up.
You feel sick. The hornet stings you!
* * * LOW HITPOINT WARNING * * *
You are more poisoned.
You feel yourself slow down.
The two-headed ogre hits you but does no damage.
The two-headed ogre barely misses you.
You see here 10 gold pieces.
You feel very sick. The hornet barely misses you.
The hornet completely misses you.
You feel yourself speed up.
You feel sick. The hornet misses you.
It was a potion of lignification.
You turn into a tree.
Your +0 cloak melds into your body.
Your +0 robe melds into your body.
Your roots penetrate the ground.
You feel sick. The hornet stings you.
* * * LOW HITPOINT WARNING * * *
You feel yourself slow down.
It was a potion of mutation.
You feel extremely strange.
You feel a little pissed off.
You feel a hidden malignance growing inside you.
You feel angry.
Your bones become slightly less dense.
You feel sick.
The hornet stings you but does no damage.
The hornet stings you!
You die...
Your body crumbles into a pile of gold.

>##.# ## ...# #.
#.<# . #..##.#
#...#.#.###
#/..$...... #$$.#
#.#$#
#.#######.#♣# ###
#.........#y#
..########.#.###O#
..#.........o...o#
..#<######.#####.#
....# #.# #.#
..#.# #.# #..
..#.# #.# #$##
..#.# #.# #.# $


You could see a two-headed ogre, a hornet and an orc.

Vanquished Creatures
  Erolcha (D:9)
  A skeletal warrior (D:9)
  A deep elf pyromancer (D:9)
  A centaur zombie (D:10)
  A troll (D:9)
  Grinder (D:3)
  A hornet (D:9)
  A wyvern (D:10)
  16 yaks
  4 wraiths
  6 orc warriors
  A necrophage (D:7)
  A black bear (D:5)
  4 ogres
  4 centaurs
  A phantom (D:6)
  2 kobold brigands
  2 bullfrogs
  A gnoll sergeant (D:6)
  2 scorpions
  A wyvern zombie (D:4)
  A water moccasin zombie (D:7)
  A water moccasin skeleton (D:5)
  9 wights
  8 howler monkeys
  An electric eel (D:9)
  A crimson imp (D:3)
  A hound (D:4)
  8 orc priests
  A centaur skeleton (D:5)
  A gnoll shaman (D:5)
  Ijyb (D:5)
  2 iguanas (D:6)
  8 orc wizards
  A hound skeleton (D:4)
  A howler monkey zombie (D:8)
  17 gnolls
  5 adders
  A howler monkey skeleton (D:6)
  A shadow imp (D:8)
  3 white imps
  2 worms (D:4)
  2 dart slugs (D:3)
  50 orcs
  5 ball pythons
  4 bats
  8 endoplasms
  2 giant cockroaches
  6 goblins
  6 hobgoblins
  2 jackals (D:2)
  16 kobolds
  3 quokkas
  A goblin skeleton (D:3)
  A goblin zombie (D:3)
  4 hobgoblin zombies (D:3)
  A kobold skeleton (D:3)
  A kobold zombie (D:3)
  3 orc skeletons (D:3)
  2 orc zombies (D:3)
  2 rats
246 creatures vanquished.

Notes
Turn   | Place    | Note
-------+----------+-------------------------------------------
     0 | D:1      | siradein the Troll Fighter began the quest for the Orb.
     0 | D:1      | Reached XP level 1. HP: 22/22 MP: 0/0
    59 | D:1      | Found a faded altar of an unknown god.
    91 | D:1      | Reached XP level 2. HP: 26/29 MP: 1/1
   642 | D:2      | Found Vuxaissu's Weapon Emporium.
   815 | D:3      | Reached XP level 3. HP: 36/36 MP: 2/2
   831 | D:3      | Found a glowing golden altar of the Shining One.
   859 | D:3      | Reached skill level 3 in Fighting
   859 | D:3      | Reached skill level 1 in Axes
   859 | D:3      | Reached XP level 4. HP: 45/45 MP: 3/3
  1000 | D:3      | Reached XP level 5. HP: 37/53 MP: 4/4
  1235 | D:3      | Noticed Grinder
  1238 | D:3      | Paralysed by Grinder for 2 turns
  1246 | D:3      | Killed Grinder
  1247 | D:3      | Reached skill level 4 in Fighting
  1247 | D:3      | Reached XP level 6. HP: 50/62 MP: 5/5
  1362 | D:4      | Found an iron altar of Okawaru.
  1631 | D:4      | Found a bloodstained altar of Trog.
  1701 | D:4      | Reached XP level 7. HP: 67/70 MP: 6/6
  1973 | D:5      | Entered Level 5 of the Dungeon
  2038 | D:5      | Found Comokek's Antique Weapon Shop.
  2089 | D:5      | Noticed Ijyb
  2102 | D:5      | Killed Ijyb
  2359 | D:5      | Found Kayruth's Elemental Accessories.
  2569 | D:6      | Reached skill level 5 in Fighting
  2569 | D:6      | Reached skill level 5 in Dodging
  2569 | D:6      | Reached XP level 8. HP: 48/80 MP: 7/7
  3541 | D:6      | Reached skill level 5 in Axes
  3733 | D:7      | Reached skill level 6 in Fighting
  3742 | D:7      | Found a runed translucent door.
  3742 | D:7      | Noticed pokeman's ghost (novice DEWz)
  3812 | D:7      | Reached XP level 9. HP: 89/89 MP: 8/8
  3877 | D:7      | Found a staircase to the Ecumenical Temple.
  3886 | Temple   | Entered the Ecumenical Temple
  4110 | Temple   | Became a worshipper of Gozag Ym Sagoz the Greedy
  4674 | D:8      | Reached skill level 7 in Fighting
  5390 | D:9      | Reached XP level 10. HP: 44/102 MP: 9/9
  5803 | D:9      | Noticed Erolcha
  5815 | D:9      | Killed Erolcha
  5816 | D:9      | Reached skill level 8 in Fighting
  5885 | D:9      | Noticed a deep elf pyromancer
  5902 | D:9      | Identified the +9 battleaxe of Faqacirgho {vorpal, *Corrode
                  | rElec rC+ Dex+3}
  6264 | D:9      | Killed a deep elf pyromancer
  6435 | D:9      | Noticed a skeletal warrior
  6464 | D:9      | Killed a skeletal warrior
  6465 | D:9      | Reached XP level 11. HP: 101/113 MP: 10/10
  6611 | D:9      | Found the +5 scythe "Finisher" {speed, eviscerate}
  6851 | D:10     | Entered Level 10 of the Dungeon
  6853 | D:10     | Found a staircase to the Orcish Mines.
  6953 | D:10     | Reached skill level 9 in Fighting
  6958 | D:10     | Noticed a two-headed ogre
  6961 | D:10     | Paralysed by a hornet for 2 turns
  6966 | D:10     | HP: 4/115 [hornet (7)]
  6970 | D:10     | Gained mutation: You tend to lose your temper in combat.
                  | [potion of mutation]
  6970 | D:10     | Gained mutation: You have hidden genetic defects. [potion
                  | of mutation]
  6970 | D:10     | Gained mutation: You often lose your temper in combat.
                  | [potion of mutation]
  6970 | D:10     | Gained mutation: You have a somewhat thin skeletal
                  | structure. (Dex +2, Stealth+) [potion of mutation]
  6970 | D:10     | Mangled by a hornet

Illustrated notes

Levels and vault maps discovered:
D:1:      dpeg_arrival_pits, layout_basic, basic_ecumenical_altar
D:2:      layout_basic, serial_shops, nicolae_shop_trees, grunt_ministairs_4
D:3:      layout_basic, nicolae_tso_besieged_by_evil, uniq_grinder
D:4:      minmay_skewed_foursquare, layout_cave_pools,
          okawaru_metal_pillars_1_2, trog_three_pillars_becter
D:5:      layout_rooms, serial_shops, shop, st_stairs_8,
          hangedman_decor_slide_cut, nicolae_elemental_shop, uniq_ijyb
D:6:      layout_layer_cave
D:7:      layout_rooms, lemuel_temple_firewalk_a, hellmonk_ghost_happy_afterlife
D:8:      layout_loops_ring, special_room [special_room_orc]
D:9:      statuecave_lemuel, layout_small_grid, minmay_guarded_unrand_finisher,
          uniq_erolcha
D:10:     layout_loops_ring, general_overflow_altar, erik_orc_1, enter_trove_2,
          kennysheep_cluttered_room
Temple:   eino_narrow_crystal_temple

Skill      XL: |  1  2  3  4  5  6  7  8  9 10 11 |
---------------+----------------------------------+-----
Maces & Flails | 2 |  2.1
Fighting       | 3 4 5 6 7 8 9 |  9.0
Axes           | 1 2 3 4 5 6 8 |  8.5
Dodging        | 3 4 5 6 7 8 |  8.9
Shields        | |  2.6

Action                   |  1- 3 |  4- 6 |  7- 9 | 10-12 || total
-------------------------+-------+-------+-------+-------++-------
Melee: Flail             |    66 |       |       |       ||    66
       War axe           |    30 |   126 |   131 |       ||   287
       Battleaxe         |       |       |   201 |   185 ||   386
  Use: Potion            |       |       |       |     2 ||     2
 Stab: Sleeping          |     1 |       |       |       ||     1
       Distracted        |       |       |       |     4 ||     4
Armor: Robe              |    35 |    61 |   251 |   117 ||   464
       Skin              |       |       |       |     1 ||     1
Dodge: Dodged            |    39 |    44 |   240 |   158 ||   481
Block: Kite shield       |    60 |    61 |    90 |       ||   211

Table legend: (Time is in decaauts)
 A = Elapsed time spent in this place.
 B = Non-inter-level travel time spent in this place.
 C = Inter-level travel time spent in this place.
 D = Time resting spent in this place.
 E = Time spent auto-exploring this place.
 F = Levels seen in this place.
 G = Mean time per level.
                   A        B        C        D        E       F      G
               +--------+--------+--------+--------+--------+-----+--------+
         Total |   7339 |   6926 |    413 |    245 |   4672 |  11 |  667.2 |
       Dungeon |   7099 |   6720 |    379 |    245 |   4478 |  10 |  709.9 |
        Temple |    239 |    205 |     34 |      0 |    194 |   1 |  239.0 |
               +--------+--------+--------+--------+--------+-----+--------+

Top non-repeatable levels by time:
     D:8: 1336 daAuts
     D:9: 1092 daAuts
     D:6: 1074 daAuts
     D:7: 706 daAuts
     D:1: 673 daAuts
     D:4: 669 daAuts
     D:5: 650 daAuts
     D:3: 606 daAuts
  Temple: 239 daAuts
     D:2: 158 daAuts
    D:10: 132 daAuts
